 Dungeon Crawl Stone Soup version 0.30.1-11-g7821555f0a (webtiles) character file.

Game seed: 11131491238974802921

162 safid the Grasshopper (level 5, 0/48 HPs)
             Began as an Armataur Warper on Dec 14, 2023.
             Was an Initiate of Okawaru.
             Succumbed to a kobold brigand's curare-tipped dart
             ... in a sewer.
             The game lasted 00:04:40 (3049 turns).

safid the Grasshopper (Armataur Warper)             Turns: 3049, Time: 00:04:40

Health: 0/48       AC:  5    Str: 18    XL:     5   Next: 19%
Magic:  9/9        EV:  9    Int: 13    God:    Okawaru [......]
Gold:   178        SH:  0    Dex: 10    Spells: 9/9 levels left

rFire   . . .        a - +0 falchion
rCold   . . .        (no shield)
rNeg    . . .        b - +0 leather armour
rPois   .            (no helmet)
rElec   .            (no cloak)
rCorr   .            v - +0 pair of gloves
SInv    .            (no barding)
Will    +....        (no amulet)
Stlth   +            t - ring of willpower
HPRegen 0.28/turn    (no ring)
MPRegen 0.11/turn

%: roll
@: lethally poisoned (0 -> -11), slowed, very slow
A: large, rugged brown scales 3, deformed body, armoured tail, roll, long
tongue, awkward tongue
a: Renounce Religion


You were in a sewer.
You worshipped Okawaru.
Okawaru was noncommittal.
You visited 1 branch of the dungeon, and saw 4 of its levels.
You also visited: Sewer.

You collected 178 gold pieces.

Inventory:

Hand Weapons
 a - a +0 falchion (weapon)
Missiles
 d - 7 boomerangs of dispersal (quivered)
Armour
 b - a +0 leather armour (worn)
 v - a +0 pair of gloves (worn)
Jewellery
 t - a ring of willpower (left hand)
Scrolls
 c - a scroll of blinking
 e - a scroll of identify {unknown}
 f - 3 scrolls of fog {unknown}
 g - a scroll of acquirement {unknown}
 h - 4 scrolls of vulnerability {unknown}
 m - a scroll of teleportation {unknown}
 n - a scroll of noise {unknown}
 o - 2 scrolls of summoning {unknown}
 s - a scroll of immolation {unknown}
 w - a scroll of magic mapping {unknown}
Potions
 i - 2 potions of curing {unknown}
 j - 2 potions of flight {unknown}
 k - 2 potions of haste
 l - a potion of lignification
 p - a potion of resistance {unknown}
 q - a potion of attraction {unknown}
 r - a potion of ambrosia {unknown}
 u - a potion of degeneration {unknown}


   Skills:
 + Level 3.0 Fighting
 - Level 1.7 Long Blades
 - Level 0.8 Throwing
 + Level 2.3 Armour
 - Level 1.3 Dodging
 + Level 2.8 Spellcasting
 + Level 4.1 Translocations


You had 9 spell levels left.
You didn't know any spells.
Your spell library contained the following spells:

 Spells                   Type           Power      Damage    Failure   Level
 Blink                    Tloc           24%        N/A       8%          2
 Lesser Beckoning         Tloc           24%        N/A       8%          2
 Teleport Other           Tloc           12%        N/A       16%         3
 Vhi's Electric Charge    Tloc/Air       14%        N/A       34%         3
 Manifold Assault         Tloc           12%        N/A       45%         4


Dungeon Overview and Level Annotations

Branches:
Dungeon (4/15)              Sewer (1/1)
 Temple: D:4-7

Altars:
Okawaru
Zin

Annotations:
D:4 Sigmund


Innate Abilities, Weirdness & Mutations

You are completely covered in rugged brown scales. (AC +3, +7% HP)
Armour fits poorly on your strangely shaped body.
You have a long armoured tail.
You roll when moving toward enemies. (Rampage)
Your long tongue fully drains potion bottles. (2x potion effects)
Your tongue gives you trouble enunciating. (1.5x scroll delay)


Message History

The kobold brigand is wielding a +0 whip and quivering curare-tipped darts.
The ball python hisses angrily.
There are monsters nearby!
The kobold brigand throws a curare-tipped dart.
The curare-tipped dart hits you.
You are poisoned.
You have difficulty breathing.
You feel yourself slow down.
You roll towards the ball python!
You hit the ball python but do no damage.
You tail-slap the ball python.
The ball python is severely wounded.
You feel very sick. The ball python barely misses you.
The ball python bites you. x2
You slash the ball python!
You kill the ball python!
Okawaru accepts your kill.
You feel sick.
The kobold brigand throws a curare-tipped dart.
The curare-tipped dart closely misses you.
The kobold brigand throws a curare-tipped dart.
The curare-tipped dart hits you.
You are more poisoned.
You have difficulty breathing.
You feel as though you will be slow longer.
You feel very sick.
The kobold brigand throws a curare-tipped dart.
The curare-tipped dart hits you.
You are more poisoned.
You have difficulty breathing.
You feel as though you will be slow longer.
You see here a ball python corpse.
* * * LOW HITPOINT WARNING * * *
You feel very sick.
The kobold brigand hits you with a +0 whip.
* * * LOW HITPOINT WARNING * * *
The kobold brigand hits you with a +0 whip.
* * * LOW HITPOINT WARNING * * *
You slash the kobold brigand!
The kobold brigand is moderately wounded.
You die...

#########
#########
#.#.#.#.#
#.#.#.#.#
#~#~#~#~#
#~#~#~#~#
#~#~#~#~#
#~#K#†#~#
#~#~#~#~#
#~#@#~#†#
#~~~#~†)#
#~†.#~~~#
##†###~##
##~###~##
#~# #.#
#~# #~#
#~###~#
#~###.#
#~.~.~#
#~~...#
##~~~##
##~~~##
#~~~#
#.~.#
#.~.#
#.~.#


You could see a kobold brigand.

Vanquished Creatures
  A sleepcap (D:4)
  A gnoll (D:1)
  4 adders
  A worm (Sewer)
  A dart slug (D:3)
  5 bats
  11 endoplasms
  4 giant cockroaches
  9 goblins
  4 hobgoblins
  4 jackals (D:2)
  14 kobolds
  6 quokkas
  7 ball pythons
  3 frilled lizards
  8 rats
83 creatures vanquished.

Notes
Turn   | Place    | Note
-------+----------+-------------------------------------------
     0 | D:1      | safid the Armataur Warper began the quest for the Orb.
     0 | D:1      | Reached XP level 1. HP: 18/18 MP: 3/3
   137 | D:1      | Reached XP level 2. HP: 25/25 MP: 5/5
   272 | D:1      | Found a faded altar of an unknown god.
   405 | D:1      | Reached XP level 3. HP: 8/32 MP: 6/6
  1446 | D:2      | Found an iron altar of Okawaru.
  1471 | D:2      | Became a worshipper of Warmaster Okawaru
  1516 | D:2      | Reached XP level 4. HP: 37/39 MP: 7/7
  2292 | D:3      | Found a glowing silver altar of Zin.
  2677 | D:4      | Reached skill level 4 in Translocations
  2742 | D:4      | Noticed Sigmund
  2780 | D:4      | Found a glowing drain.
  2794 | D:4      | Reached XP level 5. HP: 32/47 MP: 9/9
  2806 | Sewer    | Entered a sewer
  3049 | Sewer    | Succumbed to a kobold brigand's curare-tipped dart

Illustrated notes

Levels and vault maps discovered:
D:1:      scummos_arrival_star, layout_rooms,
          shapermc_ecumenical_altar_flowoftime, dreamdust_princess_bridge
D:2:      layout_basic, basic_altar
D:3:      cheibrodos_helix_gallery, layout_loops_ring,
          mainiacjoe_overflow_boulevard
D:4:      layout_loops_ring, doesnt_xom_only_xom, portal_sewer_entry_f,
          uniq_pikel, uniq_sigmund
Sewer:    sewer_co_tree

Skill      XL: |  1  2  3  4  5 |
---------------+----------------+-----
Fighting       | 2 3 |  3.0
Spellcasting   | 2 |  2.8
Armour         | 2 |  2.3
Translocations | 4 |  4.1
Long Blades    | |  1.7
Throwing       | |  0.8
Dodging        | |  1.3

Action                     |  1- 3 |  4- 6 || total
---------------------------+-------+-------++-------
  Melee: Falchion          |   152 |   133 ||   285
         Tailslap          |    16 |    16 ||    32
         Punch             |       |     1 ||     1
    Use: Potion            |     1 |     1 ||     2
 Armour: Leather armour    |    71 |    59 ||   130
         Skin              |     1 |       ||     1
  Dodge: Dodged            |    98 |    76 ||   174
